 Dungeon Crawl Stone Soup version 0.29.0-10-g45618ea6d2 (webtiles) character file.

Game seed: 15266990876548984733

123 Persephone the Twirler (level 4, -6/37 HPs)
             Began as a Minotaur Gladiator on Sept 2, 2022.
             Killed from afar by an orc wizard (7 damage)
             ... with a magic dart
             ... on level 3 of the Dungeon.
             The game lasted 00:02:27 (1938 turns).

Persephone the Twirler (Minotaur Gladiator)         Turns: 1938, Time: 00:02:27

Health: -6/37      AC:  9    Str: 20    XL:     4   Next: 79%
Magic:  3/3        EV: 12    Int:  5    God:
Gold:   152        SH:  0    Dex: 12    Spells: 3/3 levels left

rFire   . . .      SeeInvis .   a - +0 quarterstaff
rCold   . . .      Faith    .   (shield currently unavailable)
rNeg    . . .      Spirit   .   b - +0 leather armour
rPois   .          Reflect  .   c - +0 hat
rElec   .          Harm     .   i - +0 cloak
rCorr   .          Rampage  .   n - +0 pair of gloves
Will    .....                   (no boots)
Stlth   +.........              (no amulet)
HPRegen 0.12/turn               g - +4 ring of protection
MPRegen 0.08/turn               (no ring)

@: no status effects
A: horns 2, retaliatory headbutt
a: no special abilities


You were on level 3 of the Dungeon.
You visited 1 branch of the dungeon, and saw 3 of its levels.

You collected 152 gold pieces.

Inventory:

Hand Weapons
 a - a +0 quarterstaff (weapon)
Missiles
 d - 3 throwing nets (quivered)
 e - a javelin
Armour
 b - a +0 leather armour (worn)
 c - a +0 hat (worn)
 i - a +0 cloak (worn)
 n - a +0 pair of gloves (worn)
Jewellery
 g - a +4 ring of protection (left hand)
Scrolls
 f - a scroll of identify {unknown}
 h - a scroll of enchant weapon {unknown}
 l - a scroll of enchant armour {unknown}
 m - 2 scrolls of noise {unknown}
 q - a scroll of magic mapping {unknown}
 r - 2 scrolls of fog {unknown}
 s - a scroll of poison {unknown}
Potions
 j - a potion of brilliance {unknown}
 k - 3 potions of degeneration {unknown}
 o - a potion of flight {unknown}
 p - 2 potions of curing {unknown}


   Skills:
 - Level 2.4 Fighting
 + Level 6.7 Staves
 - Level 2.0 Throwing
 - Level 3.2 Dodging


You had 3 spell levels left.
You didn't know any spells.
Your spell library contained the following spells:

 Spells                   Type           Power      Damage    Failure   Level
 Call Canine Familiar     Summ           0%         N/A       88%         3
 Portal Projectile        Hex/Tloc       0%         N/A       88%         3
 Stone Arrow              Conj/Erth      0%         3d7       88%         3
 Animate Armour           Summ/Erth      0%         N/A       99%         4
 Leda's Liquefaction      Hex/Erth       0%         N/A       99%         4
 Lehudib's Crystal Spear  Conj/Erth      0%         10d2      100%        8


Dungeon Overview and Level Annotations

Branches:
Dungeon (3/15)

Altars:

Shops:
D:1 (


Innate Abilities, Weirdness & Mutations

You have a pair of horns on your head.
You reflexively headbutt those who attack you in melee.


Message History

a +0 dagger; a +0 robe; an orc corpse You are too confused!
You hit something.
Something hits you but does no damage. x2
You miss something. Something hits you. Something burns you.
Something hits you but does no damage.
You barely miss something.
Something hits you but does no damage. x2
You barely miss something. Something hits you but does no damage.
Something barely misses you.
You bump into the rock wall.
You hear some strange, mumbled words.
Something tries to affect you, but you resist.
Something hits you.
You bump into the rock wall.
You hear some strange, mumbled words.
Something tries to affect you, but you resist.
You hear some strange, mumbled words.
A puff of flame appears from out of thin air!
The puff of flame misses you.
You miss something. Something hits you but does no damage.
You hear some strange, mumbled words.
A magic dart appears from out of thin air!
The magic dart hits you!
You completely miss something.
Something hits you but does no damage. x2
You hear some strange, mumbled words.
You miss something.
A magic dart appears from out of thin air!
The magic dart hits something.
You hear some strange, mumbled words.
A magic dart appears from out of thin air!
The magic dart hits you!
* * * LOW HITPOINT WARNING * * *
You miss something. Your headbutt misses something.
You feel less confused. Something hits you.
* * * LOW HITPOINT WARNING * * *
You completely miss something. Your headbutt misses something.
You hear some strange, mumbled words. x2
A magic dart appears from out of thin air!
The magic dart hits you!
You die...

#.. #........#
#$. ###.######
#... ###.######.
#... #..........
#....#.#.#######
##....#.#'#####
.....o){......#
##.####{.......#
#@.......#
#......###?#
#.####.# # #. .#
# .. ###


There were no monsters in sight!

Vanquished Creatures
  Natasha (D:3)
  An orc wizard (D:3)
  2 adders (D:2)
  A worm (D:2)
  2 dart slugs (D:2)
  An orc (D:3)
  An endoplasm (D:2)
  A giant cockroach (D:2)
  4 goblins
  11 hobgoblins
  4 kobolds
  2 quokkas (D:2)
  5 ball pythons
  6 bats
  2 frilled lizards
  5 rats
49 creatures vanquished.

Notes
Turn   | Place    | Note
-------+----------+-------------------------------------------
     0 | D:1      | Persephone the Minotaur Gladiator began the quest for the
                  | Orb.
     0 | D:1      | Reached XP level 1. HP: 18/18 MP: 0/0
    36 | D:1      | Reached skill level 4 in Staves
   393 | D:1      | Found Nusar's Weapon Shoppe.
   413 | D:1      | Reached XP level 2. HP: 23/25 MP: 1/1
   783 | D:1      | Found a faded altar of an unknown god.
  1187 | D:2      | Reached skill level 5 in Staves
  1207 | D:2      | Reached XP level 3. HP: 27/30 MP: 2/2
  1629 | D:2      | Reached XP level 4. HP: 37/37 MP: 3/3
  1630 | D:2      | Reached skill level 6 in Staves
  1844 | D:3      | Noticed Natasha
  1846 | D:3      | Killed Natasha
  1937 | D:3      | HP: 1/37 [something (2)]
  1938 | D:3      | Killed from afar by an orc wizard

Illustrated notes

Levels and vault maps discovered:
D:1:      erik_arrival_triangle_small, layout_basic, serial_shops,
          nicolae_shop_stone, shapermc_ecumenical_altar_totnotflames
D:2:      layout_rooms, minmay_tromino_mix6
D:3:      layout_basic, nicolae_uskayaw_dance_hall, uniq_sigmund, uniq_natasha

Skill      XL: |  1  2  3  4 |
---------------+-------------+-----
Staves         | 4 5 6 |  6.7
Fighting       | |  2.4
Throwing       | |  2.0
Dodging        | |  3.2

Action                   |  1- 3 |  4- 6 || total
-------------------------+-------+-------++-------
Melee: Quarterstaff      |    86 |    23 ||   109
       Headbutt          |    18 |     2 ||    20
Armor: Leather armour    |    34 |    12 ||    46
Dodge: Dodged            |    75 |     9 ||    84
